 Dungeon Crawl Stone Soup version 0.31.0-11-ge490571c62 (webtiles) character file.

Game seed: 6945802748170350221

909 jasper the Covert (level 7, 0/78 HPs)
             Began as a Vampire Berserker on Jan 31, 2024.
             Was a Believer of Trog.
             Slain by a gnoll sergeant
             ... wielding a +0 spear
              (3 damage)
             ... on level 5 of the Dungeon.
             The game lasted 00:06:27 (3624 turns).

jasper the Covert (Vampire Berserker)               Turns: 3624, Time: 00:06:27

Health: 0/78       AC:  2    Str: 16    XL:     7   Next: 81%
Magic:  7/7        EV: 10    Int: 10    God:    Trog [**....]
Gold:   158        SH:  0    Dex: 15    Spells: 6/6 levels left

rFire   . . .        a - +0 falchion
rCold   . . .        (no shield)
rNeg    . . .        s - +0 scale mail
rPois   +            (no helmet)
rElec   .            (no cloak)
rCorr   .            (no gloves)
SInv    +            (no boots)
Will    ++...        (no amulet) Stlth
                     j - ring of poison resistance
HPRegen 1.53/turn    (no ring)
MPRegen 0.10/turn

%: no passive effects
@: berserking, strong-willed (expiring), corroded, regenerating (expiring), very
quick
A: alive, fangs 3, see invisible, vampiric 2
a: Exsanguinate, Renounce Religion, Berserk, Trog's Hand


You were on level 5 of the Dungeon.
You worshipped Trog.
Trog was pleased with you.
You visited 1 branch of the dungeon, and saw 5 of its levels.

You collected 158 gold pieces.

Inventory:

Hand Weapons
 a - a +0 falchion (weapon)
 h - a +0 short sword
Missiles
 k - 3 atropa-tipped darts
 l - 34 stones (quivered)
Armour
 b - a +0 animal skin
 g - a +0 leather armour
 s - a +0 scale mail (worn)
Jewellery
 j - a ring of poison resistance (left hand)
 w - a +6 ring of intelligence
 x - the ring of Jelokup {Ice Str-2 Int+7 SInv}
   (You found it on level 4 of the Dungeon)

   [ring of ice]

   Ice:       It enhances your ice magic.
   Str-2:     It affects your strength (-2).
   Int+7:     It affects your intelligence (+7).
   rF-:       It makes you vulnerable to fire.
   rC+:       It protects you from cold.
   SInv:      It lets you see invisible.
Wands
 q - a wand of flame (13)
Scrolls
 c - 2 scrolls of teleportation
 d - 3 scrolls of vulnerability
 m - a scroll of noise {unknown}
 o - a scroll of amnesia {unknown}
 r - a scroll of immolation {unknown}
Potions
 e - a potion of degeneration
 f - a potion of brilliance {unknown}
 i - 2 potions of lignification {unknown}
 n - 2 potions of attraction {unknown}
 p - 2 potions of curing {unknown}
 t - 2 potions of invisibility {unknown}
 u - 2 potions of mutation {unknown}
 v - a potion of cancellation {unknown}
 z - a potion of ambrosia {unknown}
 A - a potion of enlightenment {unknown}


   Skills:
 + Level 3.0 Fighting
 * Level 7.0 Long Blades
 - Level 1.5 Armour
 + Level 2.6 Dodging
 - Level 9.1 Stealth


You had 6 spell levels left.
You didn't know any spells.
Your spell library was empty.

Dungeon Overview and Level Annotations

Branches:
Dungeon (5/15)
 Temple: D:4-7

Altars:
Dithmenos
Fedhas
Qazlal
Xom

Shops:
D:2 [


Innate Abilities, Weirdness & Mutations

Your natural rate of healing is accelerated.
You have razor-sharp teeth.
You have supernaturally acute eyesight. (SInv)
You are afflicted with vampirism and can become a bat while bloodless.


Message History

The iguana closely misses you.
You closely miss the iguana.
The iguana is almost dead.
The gnoll sergeant hits you from afar with a +0 spear!
The iguana bites you.
Your skin crawls.
You feel strong-willed.
The gnoll sergeant hits you from afar with a +0 spear!
The iguana bites you.
You hit the iguana but do no damage. You bite the iguana, but do no damage.
The iguana is almost dead.
The gnoll sergeant hits you from afar with a +0 spear.
* * * LOW HITPOINT WARNING * * *
The iguana bites you.
* * * LOW HITPOINT WARNING * * *
A red film seems to cover your vision as you go berserk!
You feel yourself moving faster!
You feel mighty!
You feel the effects of Trog's Hand fading.
The gnoll sergeant hits you from afar with a +0 spear.
* * * LOW HITPOINT WARNING * * *
The iguana barely misses you.
You hit the iguana.
You kill the iguana!
Trog accepts your kill.
The gnoll sergeant completely misses you.
Your Long Blades skill increases to level 7!
You barely miss the jelly. The jelly hits you but does no damage.
The gnoll sergeant hits you from afar with a +0 spear!
* * * LOW HITPOINT WARNING * * *
You slash the jelly!
Your hands burn!
* * * LOW HITPOINT WARNING * * *
The jelly is severely wounded.
You slash the jelly!
You kill the jelly!
Trog accepts your kill.
The gnoll sergeant hits you from afar with a +0 spear!
* * * LOW HITPOINT WARNING * * *
Your Fighting skill increases to level 3!
The gnoll sergeant hits you with a +0 spear.
You die...

..#. .........
#.#?###.#.⌠.⌠.#
#.....#........
#......#.....#
#.........._... ..
#S..#.....# .# #)........
####.# #.#.⌠.⌠.#
##.@..######........
#.g####...)).#.....#
#)##.......#........
#.######.#.....########....
#........#.##### ###.
#####..##..####### .
....###.........
...........#######
#..#.##......#


You could see a gnoll sergeant.

Vanquished Creatures
  Grinder (D:5)
  Sigmund (D:3)
  A centaur (D:5)
  A scorpion (D:5)
  A bombardier beetle (D:4)
  A jelly (D:5)
  A sleepcap (D:4)
  3 iguanas
  2 orc wizards
  7 adders
  7 gnolls
  A dart slug (D:5)
  13 orcs
  5 bats
  6 endoplasms
  2 giant cockroaches
  2 hobgoblins
  4 kobolds
  3 quokkas
  3 ball pythons
  3 frilled lizards
  2 goblins
  9 rats
79 creatures vanquished.

Notes
Turn   | Place    | Note
-------+----------+-------------------------------------------
     0 | D:1      | jasper the Vampire Berserker began the quest for the Orb.
     0 | D:1      | Reached XP level 1. HP: 17/17 MP: 1/1
   192 | D:1      | Reached XP level 2. HP: 23/23 MP: 2/2
   596 | D:1      | Reached ** piety under Trog
   704 | D:2      | Gained mutation: You are afflicted with vampirism and can
                  | become a bat while bloodless. [Vampire growth]
   704 | D:2      | Reached XP level 3. HP: 23/28 MP: 3/3
   920 | D:2      | Found Guqass's Armour Shop.
  1238 | D:3      | Reached skill level 5 in Long Blades
  1238 | D:3      | Reached XP level 4. HP: 28/34 MP: 4/4
  1309 | D:3      | Noticed Sigmund
  1331 | D:3      | Killed Sigmund
  1332 | D:3      | Reached XP level 5. HP: 33/39 MP: 5/5
  1803 | D:3      | Found a faded altar of an unknown god.
  2181 | D:3      | Reached skill level 1 in Stealth
  2236 | D:4      | Reached XP level 6. HP: 46/46 MP: 6/6
  2358 | D:4      | Found a shimmering altar of Xom.
  2406 | D:4      | Reached skill level 2 in Stealth
  2431 | D:4      | Found a blossoming altar of Fedhas.
  2479 | D:4      | Reached skill level 3 in Stealth
  2600 | D:4      | Identified the ring of Jelokup {Ice Str-2 Int+7 SInv}
  2725 | D:4      | Found a stormy altar of Qazlal.
  3031 | D:5      | Entered Level 5 of the Dungeon
  3064 | D:5      | Found a shadowy altar of Dithmenos.
  3091 | D:5      | Reached skill level 4 in Stealth
  3110 | D:5      | Noticed Grinder
  3114 | D:5      | Reached skill level 5 in Stealth
  3146 | D:5      | Reached skill level 6 in Stealth
  3303 | D:4      | Reached XP level 7. HP: 8/51 MP: 7/7
  3457 | D:5      | Reached skill level 7 in Stealth
  3461 | D:5      | Paralysed by Grinder for 3 turns
  3467 | D:5      | Paralysed by Grinder for 2 turns
  3474 | D:5      | Killed Grinder
  3475 | D:5      | Reached skill level 9 in Stealth
  3623 | D:5      | HP: 2/76 [gnoll sergeant/+0 spear (8)]
  3624 | D:5      | Slain by a gnoll sergeant

Illustrated notes

Levels and vault maps discovered:
D:1:      eino_arrival_druids_welcome, layout_rooms
D:2:      layout_basic, serial_shops, shop, basic_altar
D:3:      layout_basic, chequers_ecumenical_altar_grove, uniq_sigmund
D:4:      layout_basic, mainiacjoe_overflow_alcove_4, fedhas_altar_1,
          mainiacjoe_overflow_paths, hex_medium, kennysheep_windowed_goal
D:5:      layout_rooms, grunt_dithmenos_smoke_and_mirrors, elyvilon_altar_5,
          minmay_temple_entry_drinking_statues, nicolae_grassy_gnolls,
          uniq_grinder

Skill      XL: |  1  2  3  4  5  6  7 |
---------------+----------------------+-----
Long Blades    | 4 5 6 7 |  7.0
Stealth        | 1 6 9 |  9.1
Fighting       | 3 |  3.0
Armour         | |  1.5
Dodging        | |  2.6

Action                     |  1- 3 |  4- 6 |  7- 9 || total
---------------------------+-------+-------+-------++-------
  Melee: Falchion          |   131 |   170 |    65 ||   366
         Bite              |     9 |    18 |     6 ||    33
         Punch             |     1 |     1 |       ||     2
  Throw: Throwing net      |       |     1 |       ||     1
         Stone             |       |       |     1 ||     1
 Invoke: Berserk           |     2 |     2 |     2 ||     6
         Trog's Hand       |       |     4 |     1 ||     5
    Use: Scroll            |     4 |     2 |       ||     6
   Stab: Sleeping          |     1 |     1 |       ||     2
 Armour: Leather armour    |    68 |       |       ||    68
         Animal skin       |     2 |       |       ||     2
         Scale mail        |    19 |   112 |    62 ||   193
  Dodge: Dodged            |    98 |    80 |    37 ||   215
